 Dungeon Crawl Stone Soup version 0.27.1-33-g824d729ab1 (webtiles) character file.

Game seed: 17902028012849934175

179 ces the Bolt Thrower (level 5, 0/26 HPs)
             Began as a Spriggan Hunter on Dec 7, 2021.
             Succumbed to an adder's poison
             ... in a sewer.
             The game lasted 00:06:47 (3603 turns).

ces the Bolt Thrower (Spriggan Hunter)              Turns: 3603, Time: 00:06:48

Health: 0/26       AC:  2    Str:  8    XL:     5   Next: 32%
Magic:  6/6        EV: 18    Int: 13    God:
Gold:   79         SH:  0    Dex: 16    Spells: 4/4 levels left

rFire    . . .     SeeInvis +   a - +1 hand crossbow
rCold    . . .     Faith    .   (shield restricted)
rNeg     . . .     Spirit   .   c - +0 robe
rPois    .         Reflect  .   (helmet restricted)
rElec    .         Harm     .   (no cloak)
rCorr    .         Rampage  .   (gloves unavailable)
Will     .....                  (boots unavailable)
Stlth    ++........             (no amulet)
HPRegen  0.08/turn              (no ring)
MPRegen  0.10/turn              (no ring)

@: lethally poisoned (0 -> -3), slow
A: very small, no large weapons, unfitting armour, see invisible, speed 3
a: no special abilities


You were in a sewer.
You visited 1 branch of the dungeon, and saw 3 of its levels.
You also visited: Sewer.

You collected 79 gold pieces.

Inventory:

Hand Weapons
 a - a +1 hand crossbow (weapon)
 b - a +0 short sword
Missiles
 d - 19 bolts (quivered ammo)
Armour
 c - a +0 robe (worn)
Scrolls
 f - a scroll of vulnerability
 k - a scroll of enchant weapon {unknown}
Potions
 g - a potion of haste
 h - a potion of brilliance
 i - a potion of magic


   Skills:
 + Level 2.0 Fighting
 * Level 1.9 Short Blades
 + Level 5.1 Crossbows
 + Level 3.2 Dodging
 * Level 4.6 Stealth


You had 4 spell levels left.
You didn't know any spells.
Your spell library was empty.

Dungeon Overview and Level Annotations

Branches:
Dungeon (3/15)              Sewer (1/1)

Altars:
Nemelex Xobeh
Beogh

Shops:
D:2 *

Annotations:
D:3 2 transporters


Innate Abilities, Weirdness & Mutations

You are very small and have problems with some larger weapons.
You are too small for most types of armour.
You have supernaturally acute eyesight. (SInv)
You cover ground extremely quickly. (Speed+++)


Message History

The adder bites you but does no damage.
You shoot a bolt. The bolt barely misses the adder.
You hear a splash.
The adder bites you. The adder completely misses you.
You shoot a bolt. The bolt barely misses the adder.
You hear a splash.
The adder misses you. The adder closely misses you.
You shoot a bolt. The bolt completely misses the adder.
You hear a splash.
The adder bites you.
You are poisoned.
The adder poisons you!
You feel sick.
You feel sick.
You feel sick.
You enter the shallow water.
Moving in this stuff is going to be slow.
You feel sick.
The kobold brigand throws a poisoned dart.
The poisoned dart hits you!
You are more poisoned.
The adder misses you.
You feel sick.
You enter the shallow water.
Moving in this stuff is going to be slow.
You feel sick.
You feel sick. The adder bites you.
You are lethally poisoned!
The adder poisons you!
* * * LOW HITPOINT WARNING * * *
You feel very sick. The adder bites you.
* * * LOW HITPOINT WARNING * * *
* * * LOW HITPOINT WARNING * * *
You feel sick. The adder misses you.
* * * LOW HITPOINT WARNING * * *
You feel sick. The adder misses you.
* * * LOW HITPOINT WARNING * * *
You feel sick.
You die...

(..≈≈####### ≈≈.≈.≈...≈≈ ######
≈###.≈.≈≈..## #≈≈≈≈.≈≈≈≈ ##....≈
#≈.≈≈..≈.# #≈.≈≈≈.≈# #≈≈≈≈≈≈
≈###≈≈.K≈≈..####≈.≈≈...####.≈.≈.≈
..≈≈≈####..≈.##..≈.≈≈.≈≈##.≈≈≈###
≈##### ##≈.≈≈≈.≈..≈.≈..≈.≈≈.##
##≈≈....≈...≈...≈.≈##
#≈≈≈.≈≈..∩..≈.≈≈≈≈#
#≈≈≈S≈@.....≈≈.≈.≈#
#≈.≈..≈..∩...≈..≈.# ##
##≈≈≈.....≈..≈≈≈≈≈≈## †#####
##≈.≈.≈..≈≈≈≈≈..≈.≈.≈##
≈≈≈≈≈####≈.≈≈##...≈≈≈≈.≈##≈..≈###
≈###.≈....≈≈####≈.≈≈.≈.####.≈.≈.≈
## #≈≈≈≈≈≈≈≈# ##...≈..≈## #.≈≈≈≈≈
≈###≈≈..≈.≈####≈..≈≈≈≈≈.####≈≈.≈.
≈≈≈≈≈########.≈≈.≈≈≈≈≈.≈..#######


You could see an adder.

Vanquished Creatures
  A kobold brigand (Sewer)
  3 gnolls (D:2)
  3 adders
  4 worms
  A bat (D:1)
  3 endoplasms
  2 giant cockroaches
  2 goblins
  3 hobgoblins
  6 kobolds
  2 quokkas
  7 ball pythons
  4 frilled lizards
  8 rats
49 creatures vanquished.

Notes
Turn   | Place    | Note
-------+----------+-------------------------------------------
     0 | D:1      | ces the Spriggan Hunter began the quest for the Orb.
     0 | D:1      | Reached XP level 1. HP: 10/10 MP: 2/2
    92 | D:1      | Found a faded altar of an unknown god.
   565 | D:1      | Reached XP level 2. HP: 14/14 MP: 3/3
   969 | D:2      | Found a sparkling altar of Nemelex Xobeh.
  1363 | D:2      | Found Vosapn's Assorted Antiques.
  1926 | D:2      | Reached XP level 3. HP: 18/18 MP: 4/4
  2294 | D:3      | Found a transporter.
  2313 | D:3      | Found a transporter.
  2508 | D:3      | Reached skill level 1 in Short Blades
  2675 | D:3      | Reached XP level 4. HP: 17/23 MP: 5/5
  2887 | D:3      | Found a glowing drain.
  2896 | Sewer    | Entered a sewer
  3153 | Sewer    | Noticed a kobold brigand
  3164 | Sewer    | Killed a kobold brigand
  3165 | Sewer    | Reached skill level 5 in Crossbows
  3165 | Sewer    | Reached XP level 5. HP: 12/26 MP: 6/6
  3602 | Sewer    | HP: 1/26 [poisoned by an adder]
  3603 | Sewer    | Succumbed to an adder's poison

Illustrated notes

Levels and vault maps discovered:
D:1:      sevenhm_arrival_forest_fort_large_4, layout_basic,
          dreamdust_ecumenical_altar_grove
D:2:      layout_basic, basic_altar, serial_shops,
          nicolae_shop_overgrown_old_shop, minmay_misc_feat_alley, minivault_19
D:3:      gammafunk_steamed_eel, layout_loops_corners,
          cheibrodos_sewer_entry_sluice, grunt_ministairs_6,
          kennysheep_orc_chapel
Sewer:    sewer_co_tree

Skill      XL: |  1  2  3  4  5 |
---------------+----------------+-----
Stealth        | 2 3 4 |  4.6
Dodging        | 3 |  3.2
Short Blades   | 1 |  1.9
Crossbows      | 5 |  5.1
Fighting       | 2 |  2.0

Action                   |  1- 3 |  4- 6 || total
-------------------------+-------+-------++-------
Melee: Short sword       |    57 |     9 ||    66
 Fire: Hand crossbow     |    31 |    44 ||    75
  Use: Potion            |     1 |     2 ||     3
       Scroll            |     3 |     1 ||     4
 Stab: Sleeping          |     6 |       ||     6
Armor: Robe              |     7 |     2 ||     9
Dodge: Dodged            |    46 |    23 ||    69
